AoeStats
← lapskaus

Four Lakes

509901237Analyzed
1v1 RM · 4d ago on Sep 28, 2026· 30m 31s· 2 players
Game mode
Random Map
Map size
Tiny (2 player)
Population
200
Speed
Normal
Resources
Standard
Victory
Conquest
Starting age
Dark Age
Ending age
Imperial Age
RankedLock teamsTeams togetherTeam positionsShared explorationLock speedFull tech treeHidden civsTurbo modeCheats
Victory
Defeat
🇪🇸 Huns · Spain
1027
+17
🇳🇴 Goths · Norway
1040
-17
fmoraisc
3:10 Loom
13:24 Feudal Age
15:47 Fishing Lines
16:02 Double-Bit Axe
17:41 Fletching
18:06 Bloodlines
19:59 Castle Age
19:04 Scale Barding Armor
19:10 Forging
23:24 Husbandry
24:32 Gillnets
26:14 Gold Mining
27:14 Medium Warships
28:42 Bow Saw
lapskaus
6:11 Loom
11:51 Feudal Age
12:31 Man-at-Arms
13:11 Double-Bit Axe
18:06 Castle Age
16:25 Fishing Lines
18:09 Town Watch
19:41 Forging
19:32 Scale Mail Armor
19:41 Long Swordsman
21:02 Iron Casting
21:19 Pikeman
28:55 Chain Mail Armor
30:54 Bow Saw
Connection lost

Rejoining the realm…

Still unreachable

The connection could not be restored.

Session expired

The server has moved on; the page needs a fresh start.